 Dungeon Crawl Stone Soup version 0.17-a0-1262-gd250d98 (webtiles) character file.

31591 patman the Blocker (level 13, -2/89 HPs)
             Began as an Octopode Ice Elementalist on June 6, 2015.
             Was a High Priest of Vehumet.
             Slain by Maud
             ... wielding a +5 demon trident
              (25 damage)
             ... on level 5 of the Lair of Beasts.
             The game lasted 01:30:51 (20703 turns).

patman the Blocker (Octopode Ice Elementalist)     Turns: 20703, Time: 01:30:51

Health: -2/89      AC:  8    Str:  9    XL:     13   Next: 59%
Magic:  2/21       EV: 18    Int: 21    God:    Vehumet [*****.]
Gold:   970        SH:  0    Dex: 14    Spells: 4 memorised, 13 levels left

rFire  x . .     SeeInvis +     e - +4 short sword of Departure {pierce, rF++ rN+ Int+2 Stlth+}
rCold  + + +     Clarity  .     (no shield)
rNeg   + + .     SustAt   .     t - +2 hat
rPois  .         Gourm    .     O - amulet of resist corrosion
rElec  .         Spirit   .     k - ring of positive energy
rCorr  +         Warding  .     h - ring of ice
rMut   .         Stasis   .     K - ring of flight
MR     .....                    M - +5 ring of protection
Stlth  ++++......               o - ring of see invisible
                                q - ring of ice
                                G - ring of ice
                                (no ring)

@: not resistant to hostile enchantments, stealthy
A: almost no armour, amphibious, 8 rings, constrict 8, camouflage 1, gelatinous
body 1
a: Renounce Religion, Evoke Flight


You were on level 5 of the Lair of Beasts.
You worshipped Vehumet.
Vehumet was extremely pleased with you.
You were not hungry.

You visited 2 branches of the dungeon, and saw 17 of its levels.

You collected 1014 gold pieces.
You spent 44 gold pieces at shops.

Inventory:

Hand weapons
 a - a +3 dagger of pain
 e - the +4 short sword of Departure (weapon) {pierce, rF++ rN+ Int+2 Stlth+}
   (You found it on level 2 of the Lair of Beasts)

   It inflicts extra damage upon your enemies.
   It affects your intelligence (+2).
   It greatly protects you from fire.
   It protects you from negative energy.
   It makes you more stealthy.
 s - a +2 flail of protection
 H - the +6 flail of the Boar {crush, MR+}
   (You found it on level 5 of the Lair of Beasts)

   It inflicts extra damage upon your enemies.
   It affects your resistance to hostile enchantments.
 S - the +1 quarterstaff of Welfare {venom, +Fly rF+ Str+4}
   (You found it on level 10 of the Dungeon)

   It poisons the flesh of those it strikes.
   It affects your strength (+4).
   It protects you from fire.
   It lets you fly.
 T - the +3 broad axe "Opsuss" {speed, rC+ Dex+3}
   (You found it on level 10 of the Dungeon)

   Attacks with this weapon are significantly faster.
   It affects your dexterity (+3).
   It protects you from cold.
Missiles
 p - 2 javelins (quivered)
Armour
 t - a +2 hat (worn)
 J - a +2 shield
Magical staves
 j - an uncursed staff of energy
Jewellery
 h - a ring of ice (right tentacle)
 k - a ring of positive energy (left tentacle)
 o - a ring of see invisible (on tentacle)
 q - a ring of ice (on tentacle)
 z - an uncursed ring of teleportation
 G - a ring of ice (on tentacle)
 K - a ring of flight (on tentacle)
 M - a +5 ring of protection (on tentacle)
 O - an amulet of resist corrosion (around mantle)
Magical devices
 m - a wand of digging (24)
 y - a wand of polymorph (4)
Scrolls
 c - 2 scrolls of blinking
 l - 11 scrolls of remove curse
 n - 4 scrolls of immolation
 w - 2 scrolls of fear
 x - a scroll of fog
 E - a scroll of recharging
 L - 3 scrolls of enchant armour
 U - a scroll of enchant weapon
 V - a scroll of teleportation
 Z - 2 scrolls of brand weapon
Potions
 f - a potion of brilliance
 g - 2 potions of magic
 i - 4 potions of cancellation
 r - 2 potions of berserk rage
 v - a potion of curing
 C - 2 potions of haste
 N - a potion of flight {unknown}
 P - a potion of invisibility
 X - a potion of agility
Books
 d - a book of Frost

   Spells                             Type                      Level
   a - Freeze                         Ice                          1
   b - Throw Frost                    Conjuration/Ice              2
   c - Ozocubu's Armour               Charms/Ice                   3
   d - Throw Icicle                   Conjuration/Ice              4
   e - Summon Ice Beast               Ice/Summoning                4
   f - Condensation Shield            Ice                          4
 A - a book of Maledictions

   Spells                             Type                      Level
   a - Corona                         Hexes                        1
   b - Ensorcelled Hibernation        Hexes/Ice                    2
   c - Confuse                        Hexes                        3
   d - Tukima's Dance                 Hexes                        3
   e - Dazzling Spray                 Conjuration/Hexes            3
 B - the Tome of Pathos
   (You found it on level 6 of the Dungeon)

   Spells                             Type                      Level
   a - Apportation                    Translocation                1
   b - Ozocubu's Armour               Charms/Ice                   3
   c - Recall                         Summoning/Translocation      3
   d - Force Lance                    Conjuration/Translocation    4
   e - Passage of Golubria            Translocation                4
   f - Excruciating Wounds            Charms/Necromancy            5
 D - a book of Minor Magic

   Spells                             Type                      Level
   a - Magic Dart                     Conjuration                  1
   b - Blink                          Translocation                2
   c - Call Imp                       Summoning                    2
   d - Repel Missiles                 Charms/Air                   2
   e - Slow                           Hexes                        2
   f - Conjure Flame                  Conjuration/Fire             3
   g - Mephitic Cloud                 Conjuration/Poison/Air       3
 W - a book of the Earth

   Spells                             Type                      Level
   a - Leda's Liquefaction            Hexes/Earth                  4
   b - Bolt of Magma                  Conjuration/Fire/Earth       5
   c - Statue Form                    Transmutation/Earth          6
   d - Iron Shot                      Conjuration/Earth            6
   e - Shatter                        Earth                        9
Comestibles
 b - 11 bread rations
 u - 6 fruits
 F - 5 meat rations


   Skills:
 - Level 8.5 Fighting
 - Level 10.5 Dodging
 - Level 2.6 Stealth
 * Level 12.5 Shields
 - Level 5.7 Spellcasting
 - Level 8.7 Conjurations
 - Level 5.0 Translocations
 - Level 8.6 Ice Magic


You had 13 spell levels left.
You knew the following spells:

 Your Spells              Type           Power        Failure   Level  Hunger
a - Freeze                Ice            ####         1%          1    None
c - Throw Icicle          Conj/Ice       #######.     1%          4    ####...
B - Blink                 Tloc           N/A          1%          2    None
O - Ozocubu's Armour      Chrm/Ice       ######..     6%          3    ##.....


Dungeon Overview and Level Annotations

Branches:
Dungeon (12/15)            Temple (0/1) D:5            Lair (5/8) D:11
  Swamp (0/4) Lair:3
  Snake: Lair:3-6    Spider: Lair:3-6       Orc: D:9-12

Altars:
Ashenzari
Dithmenos
Elyvilon
Gozag
Makhleb
Nemelex Xobeh
Okawaru
Ru
Sif Muna
Trog
Vehumet
Yredelemnul
Zin

Shops:
D:5 [

Annotations:
D:4 exclusion: statue
D:8 Baka's ghost, experienced HOFi
D:10 Baka's ghost, powerful HOFi
D:11 RobertPalmer's ghost, powerful DDGl
D:12 Josephine
Lair:4 exclusion: 3 oklob plants
Lair:5 exclusion: 2 oklob plants, Maud


Innate Abilities, Weirdness & Mutations

You cannot wear most types of armour.
You are amphibious.
You can wear up to eight rings at the same time.
You can use your tentacles to constrict eight enemies at once.
Your skin changes colour to match your surroundings (Stealth).
Your rubbery body absorbs attacks (AC +1).


Message History

Okay, then.
Unknown command.
Drink which item? (? for menu, Esc to quit)
Okay, then.
Unknown command.
You hit Maud.
Maud is almost dead.
You constrict Maud.
Maud hits you with an enchanted demon trident!
* * * LOW HITPOINT WARNING * * *
Casting: Throw Icicle
Confirm with . or Enter, or press ? or * to list all spells.
Aiming: Freeze
Press: ? - help, Shift-Dir - straight line, f/p - Maud
Aim: Maud, wielding an enchanted demon trident and wearing a chain mail (almost dead, constricted by you)
You feel a huge surge of power!
You freeze Maud.
Maud is almost dead.
You constrict Maud, but do no damage.
Maud hits you with an enchanted demon trident!!
You die...

#......P.P.P... ###
#.....P.P.P...
...#######♣.....P.......
.....♣.♣.♣P.....PP.PP...
........................
#...♣.♣.♣..............
#........#...........
##♣.♣....#.......PPPP
#...@#P....#.....P♣♣.
#P.@.#....P#....P♣♣♣♣
#...##.#....#.P.♣♣PP.
#... ##......PPP♣P...
..... .....P...♣♣P..
...... .........P....
P...... ........PPP...
....... ..P...# >P....#


You could see Maud.

Vanquished Creatures
  Snorg (Lair:3)
  Fannar (D:10)
  Harold (Lair:4)
  6 hydras
  Erica (Lair:2)
  A catoblepas (Lair:4)
  Pikel (D:4)
  2 black mambas
  A gargoyle (D:12)
  4 spiny frogs
  2 komodo dragons
  A fire drake (Lair:2)
  A queen bee (D:9)
  A polar bear (Lair:4)
  A troll (D:11)
  2 two-headed ogres (D:10)
  4 blink frogs
  Prince Ribbit (D:6)
  A trapdoor spider (D:12)
  33 yaks
  A human (D:7)
  A vampire mosquito (D:11)
  2 wraiths
  3 basilisks
  3 wyverns
  5 hippogriffs
  A wolf (Lair:3)
  2 wargs (D:11)
  6 insubstantial wisps (Lair:3)
  14 water moccasins
  3 ice beasts
  3 orc warriors
  13 porcupines
  5 sky beasts
  An ogre (D:9)
  2 black bears
  5 centaurs
  An eye of draining (D:11)
  3 phantoms
  9 crocodiles
  18 giant frogs
  2 big kobolds
  29 killer bees
  7 wights
  4 crimson imps
  A giant frog zombie (D:12)
  A centaur skeleton (D:9)
  A jelly (D:5)
  6 iguanas
  4 hounds
  4 orc priests
  12 orc wizards
  3 giant frog skeletons
  6 worker ants
  17 sheep
  3 hound skeletons
  3 worker ant zombies
  14 adders
  7 gnolls (D:4)
  23 river rats
  A shadow imp (D:5)
  4 adder skeletons
  2 giant geckos
  32 orcs
  10 giant cockroaches
  14 hobgoblins
  2 quokkas
  9 ball pythons
  10 bats
  A giant gecko skeleton (D:4)
  4 giant newts
  15 goblins
  16 jackals
  22 kobolds
  A quokka skeleton (D:4)
  A quokka zombie (D:6)
  15 rats
473 creatures vanquished.

Vanquished Creatures (others)
  A bush (D:9)
  2 fungi
  7 plants (D:9)
10 creatures vanquished.

Grand Total: 483 creatures vanquished

Notes
Turn   | Place    | Note
--------------------------------------------------------------
     0 | D:1      | patman the Octopode Ice Elementalist began the quest for the Orb.
     0 | D:1      | Reached XP level 1. HP: 11/11 MP: 3/3
   292 | D:1      | Reached XP level 2. HP: 4/17 MP: 1/5
   908 | D:1      | Reached skill level 4 in Ice Magic
  1074 | D:1      | Reached XP level 3. HP: 19/21 MP: 6/6
  1524 | D:2      | Found a basalt altar of Yredelemnul.
  1593 | D:2      | Reached skill level 7 in Dodging
  1593 | D:2      | Reached skill level 8 in Ice Magic
  1593 | D:2      | Reached XP level 4. HP: 27/27 MP: 7/7
  1955 | D:2      | Found a sparkling altar of Nemelex Xobeh.
  1955 | D:2      | Found a bloodstained altar of Trog.
  1956 | D:2      | Found a deep blue altar of Sif Muna.
  1961 | D:2      | Learned a level 3 spell: Ozocubu's Armour
  2114 | D:3      | Found an iron altar of Okawaru.
  2159 | D:3      | Reached skill level 1 in Fighting
  2319 | D:3      | Reached XP level 5. HP: 31/33 MP: 4/8
  2650 | D:3      | Noticed a giant frog
  2663 | D:3      | Killed a giant frog
  2795 | D:4      | Reached XP level 6. HP: 35/41 MP: 9/9
  2806 | D:4      | Found a sacrificial altar of Ru.
  3151 | D:4      | Found a radiant altar of Vehumet.
  3202 | D:4      | Became a worshipper of Vehumet
  3224 | D:4      | Noticed Pikel
  3224 | D:4      | Noticed a slave
  3224 | D:4      | Noticed a slave
  3224 | D:4      | Noticed a slave
  3273 | D:5      | Entered Level 5 of the Dungeon
  3273 | D:5      | Found a staircase to the Ecumenical Temple.
  3599 | D:3      | Reached XP level 7. HP: 32/48 MP: 6/10
  4333 | D:4      | Acquired Vehumet's first power
  4333 | D:4      | Offered knowledge of Flame Tongue by Vehumet.
  4382 | D:4      | Learned a level 4 spell: Throw Icicle
  4580 | D:4      | Noticed a slave
  4587 | D:4      | Killed Pikel
  4587 | D:4      | Reached XP level 8. HP: 24/54 MP: 5/11
  5037 | D:5      | Found Teqiucw's Armour Boutique.
  5040 | D:5      | Bought a +0 hat for 44 gold pieces
  5194 | D:5      | Reached skill level 5 in Conjurations
  5723 | D:6      | Offered knowledge of Shock by Vehumet.
  5738 | D:6      | Found a glowing silver altar of Zin.
  5739 | D:6      | Noticed an angel
  5893 | D:6      | Identified the Tome of Pathos
  6155 | D:6      | Noticed Prince Ribbit
  6172 | D:6      | Killed Prince Ribbit
  6172 | D:6      | Reached XP level 9. HP: 45/59 MP: 4/12
  6241 | D:6      | Found a shadowy altar of Dithmenos.
  6372 | D:6      | Found a burning altar of Makhleb.
  6372 | D:6      | Found an opulent altar of Gozag.
  6862 | D:7      | Offered knowledge of Static Discharge by Vehumet.
  6875 | D:7      | Found a shattered altar of Ashenzari.
  7078 | D:7      | Found a white marble altar of Elyvilon.
  7142 | D:7      | Acquired Vehumet's second power
  7766 | D:8      | Noticed Baka's ghost (experienced HOFi)
  8030 | D:9      | Reached XP level 10. HP: 63/65 MP: 15/15
  8169 | D:9      | Offered knowledge of Ignite Poison by Vehumet.
  8173 | D:9      | Reached skill level 5 in Spellcasting
  8910 | D:9      | Reached skill level 5 in Fighting
  9232 | D:9      | Acquired Vehumet's third power
  9359 | D:9      | Offered knowledge of Irradiate by Vehumet.
 10374 | D:9      | Reached skill level 9 in Dodging
 10381 | D:9      | Reached XP level 11. HP: 24/74 MP: 7/19
 10581 | D:10     | Entered Level 10 of the Dungeon
 10674 | D:10     | Noticed Fannar
 10703 | D:10     | Killed Fannar
 10835 | D:10     | Got a steaming quarterstaff
 10836 | D:10     | Identified the cursed +1 quarterstaff of Welfare {venom, +Fly rF+ Str+4} (You found it on level 10 of the Dungeon)
 10854 | D:10     | Noticed Baka's ghost (powerful HOFi)
 11169 | D:10     | Got a fine broad axe
 11170 | D:10     | Identified the +3 broad axe "Opsuss" {speed, rC+ Dex+3} (You found it on level 10 of the Dungeon)
 11380 | D:11     | Noticed RobertPalmer's ghost (powerful DDGl)
 11855 | D:11     | Reached skill level 10 in Dodging
 12175 | D:11     | Found a staircase to the Lair.
 12388 | Lair:1   | Entered Level 1 of the Lair of Beasts
 12538 | Lair:1   | Noticed an eight-headed hydra
 12854 | D:12     | Offered knowledge of Fulminant Prism by Vehumet.
 13129 | D:12     | Reached skill level 1 in Shields
 13470 | D:12     | Learned a level 2 spell: Blink
 13729 | D:12     | Noticed Josephine
 13762 | D:12     | Reached skill level 1 in Translocations
 14093 | D:12     | Noticed a centaur warrior
 14127 | Lair:1   | Killed an eight-headed hydra
 14127 | Lair:1   | Reached XP level 12. HP: 84/84 MP: 11/20
 14422 | Lair:1   | Noticed a four-headed hydra
 14430 | Lair:1   | Killed a four-headed hydra
 14627 | Lair:1   | Reached skill level 5 in Translocations
 14876 | Lair:1   | Noticed a five-headed hydra
 14881 | Lair:1   | Killed a five-headed hydra
 15000 | Lair:1   | Reached skill level 5 in Shields
 15225 | Lair:1   | Identified a scroll of acquirement
 16636 | Lair:2   | Noticed Erica
 16664 | Lair:2   | Killed Erica
 17014 | Lair:2   | Got a shimmering short sword
 17015 | Lair:2   | Identified the +4 short sword of Departure {pierce, rF++ rN+ Int+2 Stlth+} (You found it on level 2 of the Lair of Beasts)
 17716 | Lair:3   | Offered knowledge of Conjure Ball Lightning by Vehumet.
 17749 | Lair:3   | Noticed a seven-headed hydra
 17855 | Lair:3   | Reached skill level 10 in Shields
 17855 | Lair:3   | Reached XP level 13. HP: 89/89 MP: 9/21
 17934 | Lair:3   | Killed a seven-headed hydra
 18231 | Lair:3   | Noticed an eight-headed hydra
 18233 | Lair:3   | Killed an eight-headed hydra
 18443 | Lair:3   | Found a staircase to the Swamp.
 18499 | Lair:3   | Reached skill level 11 in Shields
 18565 | Lair:3   | Noticed Snorg
 18585 | Lair:3   | Killed Snorg
 19804 | Lair:4   | Reached skill level 12 in Shields
 20201 | Lair:4   | Noticed Harold
 20209 | Lair:4   | Killed Harold
 20652 | Lair:5   | Got a crystal flail
 20653 | Lair:5   | Identified the +6 flail of the Boar {crush, MR+} (You found it on level 5 of the Lair of Beasts)
 20659 | Lair:5   | Noticed Maud
 20703 | Lair:5   | Slain by Maud

Vault maps used:
D:1:      lemuel_arrival_broad_hall, minmay_quantized
D:2:      lemuel_round_altar, gammafunk_temple_overflow_claw, serial_glass,
          glass_columns_a, glass_columns_b
D:3:      okawaru_trees_2, first_bread, corexii_item_surrounded_by_moat,
          minmay_snake_closets
D:4:      nicolae_overflow_crystal_walls, vehumet_statue, uniq_pikel
D:5:      minmay_temple_entry_purple_smoke, serial_shops,
          nicolae_shop_behind_doors
D:6:      zin_angel, grunt_dithmenos_smoke_and_mirrors,
          gammafunk_temple_overflow_pools, uniq_prince_ribbit1
D:7:      evilmike_ruin_ashenzari, kennysheep_little_box, grunt_livestock,
          minivault_19, eino_small_chamber_without_monster
D:9:      special_room, kennysheep_boxes
D:10:     david_orc_4, uniq_fannar
D:11:     erik_lair_orcish_takeover, lightli_swarmer
D:12:     uniq_josephine
Lair:1:   grunt_megastairs_2, uniq_nergalle
Lair:2:   minivault_25, grunt_megastairs_3, uniq_erica
Lair:3:   minmay_swamp_entry_wisps, serial_bayou_pond_b, uniq_snorg
Lair:4:   dpeg_oklob_1, infiniplex_staircase_pool_2, serial_bayou_shore_b,
          uniq_harold
Lair:5:   minmay_snake_entry_six_corridors, enter_volcano_1, serial_forest,
          infiniplex_forest_lined_ring, infiniplex_forest_lined_3,
          infiniplex_forest_clump_curved, infiniplex_forest_lined_room_2,
          infiniplex_forest_end_double, infiniplex_forest_lined_corner,
          infiniplex_forest_corner_1, infiniplex_forest_clump_long,
          disabler_island, uniq_maud

Action                   |  1- 3 |  4- 6 |  7- 9 | 10-12 | 13-15 || total
-------------------------+-------+-------+-------+-------+-------++-------
Melee: Dagger            |    52 |   120 |    51 |       |       ||   223
       Unarmed           |     1 |       |       |       |       ||     1
       Flail             |       |       |   247 |   535 |       ||   782
       Short sword       |       |       |       |    61 |    60 ||   121
Throw: Javelin           |       |       |       |     5 |       ||     5
 Cast: Freeze            |     7 |     8 |    47 |   234 |    12 ||   308
       Ozocubu's Armour  |       |     9 |    37 |    82 |    31 ||   159
       Throw Icicle      |       |       |    13 |   106 |    78 ||   197
       Blink             |       |       |       |     1 |     1 ||     2
Evoke: Wand              |       |       |       |     2 |       ||     2
  Use: Scroll            |     2 |     5 |     8 |    17 |     4 ||    36
       Potion            |     1 |       |       |     7 |       ||     8
 Stab: Sleeping          |    11 |    21 |    14 |     6 |       ||    52
       Distracted        |       |       |       |     1 |     1 ||     2
  Eat: Chunk             |     2 |     4 |     5 |    21 |     2 ||    34
       Beef jerky        |     1 |       |     2 |       |     2 ||     5
       Royal jelly       |       |     1 |       |    10 |     7 ||    18
       Meat ration       |       |       |     2 |       |     1 ||     3
       Bread ration      |       |       |     1 |       |       ||     1
       Pizza             |       |       |     1 |     6 |       ||     7
